 Dungeon Crawl Stone Soup version 0.28.0-1-gb440e238dd (webtiles) character file.

Game seed: 1449804413183552487

14 leafyfresh the Changer (level 2, 0/21 HPs)
             Began as a Merfolk Transmuter on Feb 26, 2022.
             Slain by an adder (1 damage)
             ... on level 2 of the Dungeon.
             The game lasted 00:00:51 (890 turns).

leafyfresh the Changer (Merfolk Transmuter)          Turns: 890, Time: 00:00:51

Health: 0/21       AC:  2    Str: 10    XL:     2   Next: 45%
Magic:  4/5        EV: 12    Int: 12    God:
Gold:   78         SH:  0    Dex: 14    Spells: 4/5 levels left

rFire   . . .      SeeInvis .     - Unarmed
rCold   . . .      Faith    .   (no shield)
rNeg    . . .      Spirit   .   a - +0 robe
rPois   .          Reflect  .   (helmet currently unavailable)
rElec   .          Harm     .   (no cloak)
rCorr   .          Rampage  .   (no gloves)
Will    .....                   (boots currently unavailable)
Stlth   ++........              (no amulet)
HPRegen 0.07/turn               (no ring)
MPRegen 0.09/turn               (no ring)

@: lethally poisoned (0 -> 0), appendages (expiring)
A: horns 2, (nimble swimmer 2), mertail
a: End Transformation


You were on level 2 of the Dungeon.
You had temporarily grown beastly horns.
You visited 1 branch of the dungeon, and saw 2 of its levels.

You collected 78 gold pieces.

Inventory:

Armour
 a - a +0 robe (worn)
Jewellery
 f - a ring of protection from cold
Scrolls
 b - a scroll of immolation {unknown}
 c - a scroll of blinking {unknown}
 e - 2 scrolls of identify {unknown}
Potions
 d - 2 potions of flight {unknown}


   Skills:
 - Level 1.1 Fighting
 - Level 2.6 Dodging
 + Level 1.3 Stealth
 - Level 3.2 Unarmed Combat
 - Level 2.0 Spellcasting
 + Level 3.6 Transmutations


You had 4 spell levels left.
You knew the following spells:

 Your Spells              Type           Power      Damage    Failure   Level
a - Beastly Appendage     Tmut           18%        N/A       6%          1

Your spell library contained the following spells:

 Spells                   Type           Power      Damage    Failure   Level
 Wereblood                Tmut           9%         N/A       10%         2
 Spider Form              Tmut/Pois      5%         N/A       36%         3
 Ice Form                 Ice/Tmut       5%         N/A       78%         4


Dungeon Overview and Level Annotations

Branches:
Dungeon (2/15)

Altars:


Innate Abilities, Weirdness & Mutations

You have temporarily grown beastly horns.
((You are very nimble when in or above water. (Stealth+, EV+, Speed+++)))
Your lower body shifts to a powerful aquatic tail in water.


Message History

You now have 61 gold pieces (gained 9).
No target in view!
Found 28 sling bullets.
No target in view!
You now have 78 gold pieces (gained 17).
An adder comes into view.
An adder is nearby!
A ball python comes into view.
The ball python hisses angrily.
Casting: Beastly Appendage (safe; 6% risk of failure)
Confirm with . or Enter, or press ? or * to list all spells.
You grow a pair of large bovine horns.
The adder barely misses you. The adder bites you.
Unknown command.
You barely miss the adder. The adder bites you.
You closely miss the adder. Your punch misses the adder. The adder bites you.
You barely miss the adder. The adder barely misses you.
You closely miss the adder.
Your transformation is almost over.
The adder bites you. The ball python closely misses you.
The ball python misses you. The adder bites you.
You are poisoned.
The adder poisons you!
You closely miss the adder.
You feel sick. The ball python closely misses you.
The ball python barely misses you. The adder completely misses you.
You closely miss the adder.
You feel sick. The ball python misses you. The ball python grabs you.
The ball python constricts you. The adder closely misses you.
You hit the ball python.
You kill the ball python!
You feel sick. The adder bites you.
* * * LOW HITPOINT WARNING * * *
Unknown command.
You miss the adder.
You feel sick. The adder bites you.
* * * LOW HITPOINT WARNING * * *
Unknown command.
You hit the adder but do no damage.
* * * LOW HITPOINT WARNING * * *
You feel sick. The adder misses you. The adder bites you.
You die...

#.............#
#......>......#
#.............#
#........(....#
#.............#
#.............#########
#.....#................
#.....#................
#.....###......@S......
##.....#
######.........
.......# #.........
###....# #.........
#.....##############...
#............# ..
#............# .
#............#
#............#


You could see an adder.

Vanquished Creatures
  A dart slug (D:1)
  2 ball pythons
  An endoplasm (D:1)
  A giant cockroach (D:1)
  2 goblins (D:1)
  A kobold (D:1)
  A bat (D:1)
  A frilled lizard (D:1)
  A rat (D:1)
11 creatures vanquished.

Notes
Turn   | Place    | Note
-------+----------+-------------------------------------------
     0 | D:1      | leafyfresh the Merfolk Transmuter began the quest for the
                  | Orb.
     0 | D:1      | Reached XP level 1. HP: 15/15 MP: 3/3
   142 | D:1      | Found a faded altar of an unknown god.
   365 | D:1      | Reached XP level 2. HP: 21/21 MP: 5/5
   408 | D:1      | Reached skill level 1 in Stealth
   890 | D:2      | HP: 1/21 [poisoned by an adder]
   890 | D:2      | Slain by an adder

Illustrated notes

Levels and vault maps discovered:
D:1:      dpeg_arrival_rhombus, layout_rooms,
          ebering_ecumenical_altar_petrified, st_stairs_12
D:2:      layout_basic, minmay_misc_feat_rows, minmay_close_crescents

Skill      XL: |  1  2 |
---------------+-------+-----
Transmutations | 3 |  3.6
Stealth        | 1 |  1.3
Fighting       | |  1.1
Dodging        | |  2.6
Unarmed Combat | |  3.2
Spellcasting   | |  2.0

Action                   || total
-------------------------++-------
Melee: Unarmed           ||    42
       Punch             ||     1
 Cast: Beastly Appendage ||     2
 Stab: Sleeping          ||     2
Armor: Robe              ||     2
Dodge: Dodged            ||    33
